 Dungeon Crawl Stone Soup version 0.19-a0-1889-g9c603be (webtiles) character file.

411 Lochraine the Chucker (level 6, -1/55 HPs)
             Began as a Troll Hunter on Oct 17, 2016.
             Was a Follower of Cheibriados.
             Killed from afar by an orc wizard (9 damage)
             ... with a magic dart
             ... on level 4 of the Dungeon.
             The game lasted 00:09:08 (2663 turns).

Lochraine the Chucker (Troll Hunter)                Turns: 2663, Time: 00:09:09

Health: -1/55      AC:  6    Str: 25    XL:     6   Next: 58%
Magic:  5/5        EV: 12    Int: 10    God:    Cheibriados [*.....]
Gold:   109        SH:  0    Dex: 14    Spells: 0 memorised, 5 levels left

rFire  . . .     SeeInvis .     (no weapon)
rCold  . . .     Gourm    +     b - +0 robe
rNeg   + . .     Faith    .     (no shield)
rPois  .         Spirit   .     (helmet restricted)
rElec  .         Reflect  .     m - +0 cloak
rCorr  .         Harm     .     (gloves unavailable)
MR     .....                    (boots unavailable)
Stlth  +.........               (no amulet)
                                (no ring)
                                s - ring of positive energy

@: very slightly contaminated, invisible, very slow
A: unfitting armour, claws 3, fast metabolism 3, gourmand, regeneration 1,
shaggy fur 1, tough skin 2
a: Bend Time, Renounce Religion


You were on level 4 of the Dungeon.
You worshipped Cheibriados.
Cheibriados was aware of your devotion.
You were very full.

You visited 1 branch of the dungeon, and saw 4 of its levels.

You collected 109 gold pieces.

Inventory:

Hand Weapons
 a - a +0 short sword
Missiles
 c - 4 large rocks (quivered)
 d - 2 throwing nets
 n - 2 javelins
Armour
 b - a +0 robe (worn)
 m - a +0 cloak (worn)
Jewellery
 s - a ring of positive energy (left claw)
Wands
 p - a wand of disintegration (9/24)
Scrolls
 i - a scroll of noise {unknown}
 j - a scroll of teleportation {unknown}
 k - 4 scrolls of identify
 l - a scroll of enchant armour {unknown}
Potions
 g - a potion of agility {unknown}
 o - a potion of degeneration {unknown}
 t - a potion of haste {unknown}
Comestibles
 f - 3 bread rations
 q - 2 fruits
 r - 2 slices of pizza
 u - a beef jerky


   Skills:
 - Level 1.5 Fighting
 - Level 5.0 Throwing
 + Level 4.9 Dodging
 - Level 0.3 Stealth


You had 5 spell levels left.
You didn't know any spells.

Dungeon Overview and Level Annotations

Branches:
Dungeon (4/15)
 Temple: D:4-7

Altars:
Cheibriados
Makhleb
Sif Muna
Uskayaw
Yredelemnul


Innate Abilities, Weirdness & Mutations

You are too large for most types of armour.
You have claws for hands.
Your metabolism is lightning-fast.
You like to eat raw meat.
Your natural rate of healing is unusually fast.
You are covered in fur. (AC +1)
You have very tough skin. (AC +2)


Message History

The orc wizard hits you but does no damage.
The orc wizard mumbles some strange words.
Okay, then.
As you read the scroll labeled XACUEL DUIGELINT, it crumbles to dust.
It is a scroll of identify.
e - a potion of invisibility The orc wizard hits you with a dagger.
* * * LOW HITPOINT WARNING * * *
You fade into invisibility!
The orc wizard hits you with a dagger.
* * * LOW HITPOINT WARNING * * *
The orc wizard closely misses you.
You are very lightly contaminated with residual magic.
The orc wizard misses you.
You feel better. The orc wizard closely misses you.
You completely miss the orc wizard. The orc wizard hits you with a dagger.
* * * LOW HITPOINT WARNING * * *
The orc wizard points at you and mumbles some strange words.
The magic dart hits you!
You die...

#.#
#.#######.###.#..........
..#
#.........>...######..#.#
### #########[##### # #.#
#.# #.# ### ##.# ...
#####).#####.# ##.
###....#@......#
###.....###o####.#
#......#.#$#.......
#.###.#.#Z#.####.##
#..oo#)## #.###.## ... ##
. #.# . ..>


You could see an orc wizard.

Vanquished Creatures
  An eye of draining (D:4)
  A scorpion (D:4)
  A hound (D:4)
  An orc priest (D:4)
  Crazy Yiuf (D:3)
  Natasha (twice) (D:2)
  A hound skeleton (D:4)
  3 gnolls (D:3)
  2 adders
  An ooze (D:1)
  2 worms (D:2)
  3 dart slugs
  2 leopard geckos (D:1)
  An orc (D:3)
  4 giant cockroaches
  3 goblins
  3 hobgoblins
  15 jackals
  A quokka (D:2)
  A ball python (D:2)
  2 bats
  7 frilled lizards
  4 kobolds
  12 rats
74 creatures vanquished.

Notes
Turn   | Place    | Note
-------+----------+-------------------------------------------
     0 | D:1      | Lochraine the Troll Hunter began the quest for the Orb.
     0 | D:1      | Reached XP level 1. HP: 19/19 MP: 0/0
   178 | D:1      | Reached skill level 4 in Throwing
   178 | D:1      | Reached XP level 2. HP: 27/27 MP: 1/1
   556 | D:1      | Reached XP level 3. HP: 33/33 MP: 2/2
   763 | D:2      | Found a snail-covered altar of Cheibriados.
   819 | D:2      | Became a worshipper of Cheibriados the Contemplative
  1110 | D:2      | Reached skill level 5 in Throwing
  1142 | D:2      | Reached * piety under Cheibriados
  1215 | D:2      | Reached XP level 4. HP: 41/41 MP: 3/3
  1244 | D:2      | Noticed Natasha
  1258 | D:2      | Killed Natasha
  1397 | D:2      | Noticed Natasha
  1412 | D:2      | Killed Natasha
  1551 | D:3      | Found a basalt altar of Yredelemnul.
  1614 | D:3      | Found a runed door.
  1618 | D:3      | Noticed Crazy Yiuf
  1627 | D:3      | Killed Crazy Yiuf
  1627 | D:3      | Reached XP level 5. HP: 32/48 MP: 4/4
  1921 | D:3      | Found a hide-covered altar of Uskayaw.
  2067 | D:3      | Found a faded altar of an unknown god.
  2067 | D:3      | Found a faded altar of an unknown god.
  2074 | D:3      | Found a faded altar of an unknown god.
  2076 | D:3      | Found a burning altar of Makhleb.
  2078 | D:3      | Found a faded altar of an unknown god.
  2272 | D:3      | Found a deep blue altar of Sif Muna.
  2418 | D:4      | Noticed an eye of draining
  2443 | D:4      | Killed an eye of draining
  2443 | D:4      | Reached XP level 6. HP: 9/55 MP: 0/5
  2449 | D:4      | HP: 1/55 [hound (3)]
  2454 | D:4      | HP: 2/55 [poisoned by a scorpion]
  2660 | D:4      | HP: 2/55 [orc wizard/dagger (4)]
  2663 | D:4      | Killed from afar by an orc wizard

Vault maps used:
D:1:      ncdulo_smallfort
D:2:      kennysheep_slug_shrine, uniq_natasha
D:3:      nicolae_overflow_crystal_walls, eat_drink_and_be_merry_uskayaw,
          chequers_temple_overflow_minitemple, minmay_strange_pillars,
          lemuel_blue_sif_altar, uniq_crazy_yiuf_cottage

Skill      XL: |  1  2  3  4  5 |
---------------+----------------+-----
Throwing       | 4 5 |  5.0
Dodging        | 3 4 |  4.9
Fighting       | |  1.5
Stealth        | |  0.3

Action                   |  1- 3 |  4- 6 || total
-------------------------+-------+-------++-------
Melee: Unarmed           |   140 |   103 ||   243
Throw: Large rock        |       |     7 ||     7
  Use: Potion            |       |     3 ||     3
       Scroll            |       |     1 ||     1
 Stab: Sleeping          |     1 |       ||     1
  Eat: Chunk             |    17 |     6 ||    23
Armor: Robe              |    53 |    32 ||    85
Dodge: Dodged            |    76 |    53 ||   129
